 Dungeon Crawl Stone Soup version 0.31-a0-233-g139696dc86 (webtiles) character file.

Game seed: 13599434810292741059

369 qw the Shooter (level 6, 0/52 HPs)
             Began as a Minotaur Hexslinger on July 7, 2023.
             Slain by Duvessa
             ... wielding a +0 short sword
              (8 damage)
             ... on level 4 of the Dungeon.
             The game lasted 00:00:52 (2367 turns).

qw the Shooter (Minotaur Hexslinger)                Turns: 2367, Time: 00:00:52

Health: 0/52       AC:  3    Str: 12    XL:     6   Next: 41%
Magic:  6/6        EV: 13    Int: 10    God:
Gold:   142        SH:  0    Dex: 21    Spells: 6/7 levels left

rFire   . . .        Y - +2 sling
rCold   + . .        (no shield)
rNeg    . . .        d - +0 leather armour
rPois   .            (helmet restricted)
rElec   .            (no cloak)
rCorr   .            (no gloves)
SInv    .            (no boots)
Will    .....        (no amulet)
Stlth   ++           a - ring of protection from cold
HPRegen 0.28/turn    i - +6 ring of dexterity
MPRegen 0.10/turn

%: no passive effects
@: no status effects
A: horns 2, retaliatory headbutt
a: no special abilities


You were on level 4 of the Dungeon.
You visited 1 branch of the dungeon, and saw 4 of its levels.

You collected 142 gold pieces.


Innate Abilities, Weirdness & Mutations

You have a pair of horns on your head.
You reflexively headbutt those who attack you in melee.


   Skills:
 - Level 4.3 Fighting
 + Level 6.0 Ranged Weapons
 - Level 3.2 Dodging
 - Level 1.0 Spellcasting
 - Level 2.0 Hexes


You had 6 spell levels left.
You knew the following spells:

 Your Spells              Type           Power      Damage    Failure   Level
a - Slow                  Hex            16%        N/A       19%         1

Your spell library contained the following spells:

 Spells                   Type           Power      Damage    Failure   Level
 Inner Flame              Hex/Fire       2%         N/A       65%         3
 Portal Projectile        Hex/Tloc       4%         N/A       65%         3
 Cause Fear               Hex            2%         N/A       88%         4

Inventory:

Hand Weapons
 Y - a +2 sling (weapon)
Armour
 d - a +0 leather armour (worn)
Jewellery
 a - a ring of protection from cold (left hand)
 c - a ring of fire
 i - a +6 ring of dexterity (right hand)
Scrolls
 h - a scroll of identify
Potions
 b - a potion of heal wounds {unknown}
 e - a potion of brilliance {unknown}
 f - a potion of lignification {unknown}

Dungeon Overview and Level Annotations

Branches:
Dungeon (4/15)
 Temple: D:4-7

Altars:
Trog
Vehumet

Annotations:
D:4 Dowan, Duvessa


Message History

The sling bullet hits Duvessa but does no damage.
Duvessa is lightly wounded.
Duvessa hits you but does no damage. Dowan gestures at you while chanting.
The puff of frost hits you. You resist.
You shoot a sling bullet. The sling bullet hits Duvessa!
Duvessa is moderately wounded.
Duvessa barely misses you. You furiously retaliate!
You headbutt Duvessa. You shoot a sling bullet.
The sling bullet hits Duvessa but does no damage.
Duvessa is moderately wounded.
Duvessa hits you with a +0 short sword! Duvessa hits you with a +0 short sword.
Dowan gestures at you while chanting. The puff of flame misses you.
You shoot a sling bullet.
The sling bullet hits Duvessa but does no damage.
Duvessa is moderately wounded.
Duvessa hits you with a +0 short sword!
Dowan casts a spell.
Dowan blinks!
You shoot a sling bullet. The sling bullet barely misses Duvessa.
Duvessa roars, "You can run, but you cannot escape us forever!"
Duvessa hits you with a +0 short sword!
You shoot a sling bullet.
The sling bullet completely misses Duvessa.
Duvessa hits you with a +0 short sword.
You shoot a sling bullet. The sling bullet hits Duvessa.
Duvessa is moderately wounded.
Duvessa misses you.
You shoot a sling bullet. The sling bullet hits Duvessa.
Duvessa is heavily wounded.
Duvessa hits you with a +0 short sword.
Dowan says, "There's a certain beauty in death, don't you think?"
You shoot a sling bullet.
The sling bullet completely misses Duvessa.
Duvessa hits you with a +0 short sword. Dowan hits you with a +0 dagger.
You shoot a sling bullet. The sling bullet hits Duvessa.
Duvessa is heavily wounded.
Duvessa hits you with a +0 short sword!
You die...

... ..# ... ...
#.. #.# ##..##.#
......## ......
#.#ee#####.#
#.#.@>....<.
#.#.........
##.#.######..
...##....%......
................#
...##.#..######.#
# #.#..# #.#
#.###.#..# #.# .#
#.#........# #.#
.#


You could see Duvessa and Dowan.

Vanquished Creatures
  2 black bears (D:4)
  A scorpion (D:4)
  A hound (D:4)
  5 adders
  A worm (D:2)
  2 dart slugs
  An orc (D:3)
  2 bats
  3 endoplasms
  5 giant cockroaches
  7 goblins
  A hobgoblin (D:3)
  5 jackals (D:1)
  5 quokkas
  6 ball pythons
  8 kobolds
  3 rats
58 creatures vanquished.

Notes
Turn   | Place    | Note
-------+----------+-------------------------------------------
     0 | D:1      | qw the Minotaur Hexslinger began the quest for the Orb.
     0 | D:1      | Reached XP level 1. HP: 16/16 MP: 1/1
     0 | D:1      | 0 ||| qw: Version: 0.3-a-46-gb1f654a
     0 | D:1      | 0 ||| qw: Game counter: 3077
     0 | D:1      | 0 ||| qw: Melee chars always use a shield: true
     0 | D:1      | 0 ||| qw: God list: Okawaru
     0 | D:1      | 0 ||| qw: Allow faded altars: false
     0 | D:1      | 0 ||| qw: Do Orc after clearing Dungeon:15 true
     0 | D:1      | 0 ||| qw: Do second Lair branch before Depths: true
     0 | D:1      | 0 ||| qw: Lair rune preference: random
     0 | D:1      | 0 ||| qw: Goals: Normal
     0 | D:1      | 0 ||| PLANNING D:1-11
   224 | D:1      | Reached skill level 3 in Ranged Weapons
   225 | D:1      | Reached XP level 2. HP: 23/23 MP: 2/2
   462 | D:1      | 462 ||| READING scroll labelled VOETAW WOYSODO.
   463 | D:1      | 463 ||| READING 2 scrolls labelled SITZAF BUITS.
   464 | D:1      | 464 ||| DROPPING scroll of poison.
   465 | D:1      | 465 ||| DROPPING scroll of vulnerability.
   514 | D:2      | Reached XP level 3. HP: 29/29 MP: 3/3
   777 | D:2      | Reached skill level 4 in Ranged Weapons
   885 | D:2      | Found a faded altar of an unknown god.
  1268 | D:2      | 1268 ||| UPGRADING to ring of protection from cold.
  1269 | D:2      | 1269 ||| READING scroll labelled QURHILADUY.
  1270 | D:2      | 1270 ||| READING scroll labelled BIEXTOYNEY.
  1433 | D:3      | Reached XP level 4. HP: 34/36 MP: 4/4
  1541 | D:3      | Found a radiant altar of Vehumet.
  2023 | D:3      | 2023 ||| UPGRADING to +0 leather armour.
  2033 | D:3      | 2033 ||| DROPPING +0 robe.
  2034 | D:3      | 2034 ||| UPGRADING to +6 ring of dexterity.
  2035 | D:3      | 2035 ||| READING scroll labelled GOYLAIFAOLOC.
  2036 | D:3      | 2036 ||| READING 2 scrolls labelled OMEVIF ZISENK.
  2121 | D:4      | Found a bloodstained altar of Trog.
  2121 | D:4      | Noticed a black bear
  2121 | D:4      | Noticed a black bear
  2129 | D:4      | Killed a black bear
  2130 | D:4      | Reached skill level 5 in Ranged Weapons
  2130 | D:4      | Reached XP level 5. HP: 28/41 MP: 5/5
  2132 | D:4      | Killed a black bear
  2133 | D:4      | Reached skill level 3 in Fighting
  2135 | D:4      | Reached skill level 6 in Ranged Weapons
  2135 | D:4      | Reached XP level 6. HP: 25/52 MP: 6/6
  2331 | D:4      | Reached skill level 3 in Dodging
  2351 | D:4      | Noticed Duvessa
  2353 | D:4      | Noticed Dowan
  2365 | D:4      | HP: 13/52 [Duvessa/+0 short sword (3)]
  2367 | D:4      | Slain by Duvessa

Levels and vault maps discovered:
D:1:      nzn_arrival_settlement, layout_rooms, minmay_misc_feat_encased
D:2:      layout_basic, basic_ecumenical_altar
D:3:      minmay_general_purpose_star, layout_loops_cross, marbit_many_paths,
          ebering_dispersal_statue_hall
D:4:      layout_loops_ring, trog_ov_bears_minmay, uniq_duvessa

Skill      XL: |  1  2  3  4  5  6 |
---------------+-------------------+-----
Ranged Weapons | 3 4 5 6 |  6.0
Fighting       | 2 3 4 |  4.3
Dodging        | 3 |  3.2
Spellcasting   | |  1.0
Hexes          | |  2.0

Action                     |  1- 3 |  4- 6 || total
---------------------------+-------+-------++-------
   Fire: Sling             |   107 |    91 ||   198
    Use: Scroll            |     4 |     2 ||     6
 Armour: Robe              |     3 |     2 ||     5
         Leather armour    |       |     6 ||     6
  Dodge: Dodged            |    39 |    33 ||    72

Table legend:
 A = Non-vault XP
 B = Vault XP
 C = Vault XP percentage of total XP
 D = Non-vault monster count
 E = Vault monster count
 F = Vault count percentage of total count
                 A         B        C        D         E       F
            +---------+---------+-------+---------+---------+-------
      Total |     263 |     265 |  50.2 |      50 |       8 |  13.8
            +---------+---------+-------+---------+---------+-------
        D:1 |      27 |       0 |   0.0 |      15 |       0 |   0.0
        D:2 |      61 |       0 |   0.0 |      13 |       0 |   0.0
        D:3 |      24 |      23 |  48.9 |      13 |       6 |  31.6
        D:4 |     151 |     242 |  61.6 |       9 |       2 |  18.2
            +---------+---------+-------+---------+---------+-------
